 Dungeon Crawl Stone Soup version 0.18.1-8-gdd0e5ea (webtiles) character file.

114 deorigin the Ruffian (level 4, 0/41 HPs)
             Began as a Troll Warper on May 26, 2016.
             Killed by divine providence
             ... invoked by an orc priest
              (11 damage)
             ... on level 3 of the Dungeon.
             The game lasted 00:03:50 (1315 turns).

deorigin the Ruffian (Troll Warper)                 Turns: 1315, Time: 00:03:51

Health: 0/41       AC:  6    Str: 19    XL:     4   Next: 66%
Magic:  4/4        EV: 10    Int: 10    God:
Gold:   111        SH:  0    Dex:  9    Spells: 1 memorised, 4 levels left

rFire  . . .     SeeInvis .       - Unarmed
rCold  . . .     Gourm    +     a - +0 robe
rNeg   . . .     Faith    .     (no shield)
rPois  .         Spirit   .     (helmet restricted)
rElec  .         Dismiss  .     p - +0 cloak
rCorr  .         Reflect  .     (gloves unavailable)
SustAt .         Harm     .     (boots unavailable)
MR     .....                    (no amulet)
Stlth  +.........               (no ring)
                                (no ring)

@: not resistant to hostile enchantments, very unstealthy
A: unfitting armour, claws 3, fast metabolism 3, gourmand, regeneration 2,
shaggy fur 1, tough skin 2
a: no special abilities


You were on level 3 of the Dungeon.
You were very full.

You visited 1 branch of the dungeon, and saw 3 of its levels.

You collected 111 gold pieces.

Inventory:

Missiles
 d - 5 tomahawks of dispersal (quivered)
 i - 12 poisoned needles
Armour
 a - a +0 robe (worn)
 p - a +0 cloak (worn)
Scrolls
 c - a scroll of blinking
 e - 5 scrolls of identify {unknown}
 h - 2 scrolls of fear {unknown}
 j - 2 scrolls of random uselessness {unknown}
 o - a scroll of amnesia {unknown}
Potions
 k - 2 potions of agility {unknown}
 m - 2 potions of mutation {unknown}
 q - a potion of degeneration {unknown}
Books
 b - a book of Spatial Translocations

   Spells                             Type                      Level
   a - Apportation                    Translocation                1
   b - Blink                          Translocation                2
   c - Shroud of Golubria             Charms/Translocation         2
   d - Portal Projectile              Translocation                3
   e - Teleport Other                 Translocation                3
   f - Passage of Golubria            Translocation                4
Comestibles
 f - 3 bread rations
 g - 2 slices of pizza
 l - 3 meat rations
 n - 2 fruits


   Skills:
 - Level 1.5 Fighting
 - Level 0.8 Throwing
 - Level 1.9 Dodging
 + Level 5.0 Unarmed Combat
 - Level 1.2 Spellcasting
 - Level 2.1 Translocations


You had 4 spell levels left.
You knew the following spells:

 Your Spells              Type           Power        Failure   Level  Hunger
a - Apportation           Tloc           #.........   14%         1    ##.....


Dungeon Overview and Level Annotations

Branches:
Dungeon (3/15)

Altars:
Sif Muna


Innate Abilities, Weirdness & Mutations

You are too large for most types of armour.
You have claws for hands.
Your metabolism is lightning-fast.
You like to eat raw meat.
You heal very quickly.
You are covered in fur (AC +1).
You have very tough skin (AC +2).


Message History

The kobold is severely wounded.
The hobgoblin hits you but does no damage.
The orc barely misses you. The kobold hits you but does no damage.
The goblin hits you but does no damage. The orc barely misses you.
You barely miss the kobold.
The kobold is severely wounded.
The hobgoblin barely misses you. The orc hits you with a club.
The kobold closely misses you. The goblin barely misses you.
You scratch the hobgoblin but do no damage.
The orc hits you but does no damage. The hobgoblin closely misses you.
The orc closely misses you. The kobold barely misses you.
You scratch the hobgoblin.
You kill the hobgoblin!
Your Unarmed Combat skill increases to level 5!
The goblin hits you with a club.
The orc hits you with a war axe of chopping.
* * * LOW HITPOINT WARNING * * *
x2 The orc priest calls down the wrath of Beogh upon you.
Beogh smites you!
You die...

#.........#
#.........#
#.........#
#.........#
.##.........
...........##
............##
#./.......g)o######
#......oK@......#
#.......oo#####.#
#........K......#
##..........<..##
.........#.....##
......#####.....#
[..... #.....#
...... #.....#
...... #.....#


You could see an orc priest, 3 orcs, a goblin and 2 kobolds.

Vanquished Creatures
  Crazy Yiuf (D:2)
  Jessica (D:2)
  2 oozes (D:2)
  A worm (D:2)
  A dart slug (D:1)
  A giant gecko (D:2)
  A ball python (D:1)
  5 bats
  A giant cockroach (D:2)
  5 hobgoblins
  3 jackals (D:1)
  10 kobolds
  A giant newt (D:1)
  7 goblins
  2 rats (D:1)
42 creatures vanquished.

Notes
Turn   | Place    | Note
--------------------------------------------------------------
     0 | D:1      | deorigin the Troll Warper began the quest for the Orb.
     0 | D:1      | Reached XP level 1. HP: 19/19 MP: 1/1
   196 | D:1      | Reached XP level 2. HP: 25/27 MP: 2/2
   224 | D:1      | Reached skill level 3 in Unarmed Combat
   643 | D:2      | Reached XP level 3. HP: 26/33 MP: 3/3
   852 | D:2      | Noticed Jessica
   858 | D:2      | Killed Jessica
   858 | D:2      | Reached skill level 4 in Unarmed Combat
   870 | D:2      | Reached XP level 4. HP: 38/41 MP: 4/4
   957 | D:2      | Found a deep blue altar of Sif Muna.
  1195 | D:2      | Noticed Crazy Yiuf
  1203 | D:2      | Killed Crazy Yiuf
  1315 | D:3      | Reached skill level 5 in Unarmed Combat
  1315 | D:3      | Killed from afar by an orc priest

Skill      XL: |  1  2  3  4 |
---------------+-------------+-----
Unarmed Combat | 3 4 5 |  5.0
Fighting       | |  1.5
Throwing       | |  0.8
Dodging        | |  1.9
Spellcasting   | |  1.2
Translocations | |  2.1

Action                   |  1- 3 |  4- 6 || total
-------------------------+-------+-------++-------
Melee: Unarmed           |    89 |    25 ||   114
       Punch             |     2 |       ||     2
  Eat: Chunk             |    12 |     4 ||    16
Armor: Robe              |    42 |     6 ||    48
Dodge: Dodged            |    37 |    20 ||    57
